 Dungeon Crawl Stone Soup version 0.19-a0-1720-gc855d72 (webtiles) character file.

2277 mrath the Basher (level 9, -1/78 HPs)
             Began as a Minotaur Fighter on Sept 30, 2016.
             Was a Follower of Okawaru.
             Killed by nerve-wracking pain
             ... invoked by an orc priest
              (10 damage)
             ... on level 7 of the Dungeon.
             The game lasted 00:29:07 (6577 turns).

mrath the Basher (Minotaur Fighter)                 Turns: 6577, Time: 00:29:07

Health: -1/78      AC: 12    Str: 24    XL:     9   Next: 16%
Magic:  10/10      EV: 11    Int:  5    God:    Okawaru [*.....]
Gold:   355        SH: 11    Dex: 10    Spells: 0 memorised, 8 levels left

rFire  . . .     SeeInvis +     a - +0 flail
rCold  . . .     Gourm    .     n - +0 chain mail
rNeg   . . .     Faith    .     c - +1 shield
rPois  .         Spirit   .     (helmet restricted)
rElec  .         Dismiss  .     (no cloak)
rCorr  .         Reflect  .     m - +0 pair of gloves
MR     .....     Harm     .     (no boots)
Stlth  ..........               (no amulet)
                                J - +3 ring of evasion
                                i - ring of see invisible

@: no status effects
A: retaliatory headbutt, horns 2
a: Heroism, Renounce Religion


You were on level 7 of the Dungeon.
You worshipped Okawaru.
Okawaru was aware of your devotion.
You were hungry.

You visited 2 branches of the dungeon, and saw 8 of its levels.

You collected 355 gold pieces.

Inventory:

Hand Weapons
 a - a +0 flail (weapon)
 e - a +0 whip of freezing
 D - a +0 morningstar
Missiles
 l - a throwing net
 y - 7 tomahawks
 B - 5 javelins
 C - 7 steel javelins (quivered)
 E - 190 stones
Armour
 c - a +1 shield (worn)
 m - a +0 pair of gloves (worn)
 n - a +0 chain mail (worn)
Jewellery
 i - a ring of see invisible (left hand)
 k - an uncursed ring of resist corrosion
 r - an uncursed ring of positive energy
 u - an uncursed ring of protection from magic
 J - a +3 ring of evasion (right hand)
Wands
 v - a wand of teleportation (9/9)
 x - a wand of lightning (9/15)
Scrolls
 h - 4 scrolls of teleportation
 j - 7 scrolls of identify
 p - a scroll of enchant armour
 F - a scroll of enchant weapon {unknown}
Potions
 d - 2 potions of might
 g - 2 potions of flight {unknown}
 o - 4 potions of curing {unknown}
 s - a potion of cure mutation {unknown}
 t - 2 potions of invisibility {unknown}
 w - 2 potions of heal wounds {unknown}
 z - a potion of agility
 A - 2 potions of brilliance {unknown}
 H - a potion of resistance {unknown}
Comestibles
 b - a slice of pizza
 f - 8 bread rations
 q - a royal jelly
 I - 7 fruits


   Skills:
 + Level 6.4 Fighting
 + Level 8.7 Maces & Flails
 + Level 3.7 Throwing
 + Level 6.1 Armour
 + Level 4.0 Dodging
 + Level 5.9 Shields
 + Level 3.4 Evocations


You had 8 spell levels left.
You didn't know any spells.

Dungeon Overview and Level Annotations

Branches:
Dungeon (7/15)             Temple (1/1) D:5

Altars:
Ashenzari
Cheibriados
Dithmenos
Elyvilon
Fedhas
Gozag
Hepliaklqana
Kikubaaqudgha
Makhleb
Nemelex Xobeh
Okawaru
Qazlal
Ru
Sif Muna
Trog
Uskayaw
Vehumet
Xom
Yredelemnul
Zin
The Shining One
Beogh


Innate Abilities, Weirdness & Mutations

You reflexively headbutt those who attack you in melee.
You have a pair of horns on your head.


Message History

* * * LOW HITPOINT WARNING * * *
The orc hits you but does no damage. You block the orc's attack.
Unknown command.
Your shield prevents you from hitting the orc priest.
Your headbutt misses the orc priest.
The orc priest is almost dead.
You block the orc priest's attack. You block the orc's attack. x2
The orc priest mumbles some strange prayers to Beogh against you.
Beogh smites you!
* * * LOW HITPOINT WARNING * * *
You hit the orc.
The orc is lightly wounded.
The orc barely misses you. You block the orc's attack.
You sock the orc!
You kill the orc!
Okawaru accepts your kill. You block the orc's attack.
The orc priest mumbles some strange prayers to Beogh against you.
Pain shoots through your body!
You die...

#.........# #....#......
#.........# #....+....<.
#.........# #....##..##.
#.........# ##...##).###
#.........######........#
#.........#.............#
#.........#.............#
#..###..))###.##'####..##
#..###..o@######...##..##
#........o..'...........#
#...........#...........#
#...##.....##...##.##..##
#...#########...########
#...'............#
#...#............#
##################


You could see an orc priest and an orc.

Vanquished Creatures
  Grinder (D:6)
  A hippogriff (D:6)
  Edmund (D:5)
  A sky beast (D:5)
  An ogre (D:7)
  A phantom (D:4)
  2 centaurs
  A big kobold (D:5)
  2 bullfrogs
  A wyvern skeleton (D:7)
  A howler monkey (D:5)
  A crimson imp (D:6)
  A wasp zombie (D:7)
  A centaur zombie (D:5)
  A centaur skeleton (D:4)
  A quasit (D:4)
  3 orc priests
  6 hounds
  A jelly (D:6)
  7 orc wizards
  2 bullfrog skeletons (D:6)
  2 iguanas (D:5)
  4 worker ants
  4 gnolls
  4 adders
  An ooze (D:4)
  An adder zombie (D:5)
  3 worms
  A dart slug (D:2)
  8 leopard geckos
  29 orcs
  7 bats
  4 giant cockroaches
  4 goblins
  6 hobgoblins
  5 jackals
  2 quokkas
  2 ball pythons
  3 frilled lizards (D:1)
  8 kobolds
  A quokka zombie (D:5)
  10 rats
146 creatures vanquished.

Notes
Turn   | Place    | Note
-------+----------+-------------------------------------------
     0 | D:1      | mrath the Minotaur Fighter began the quest for the Orb.
     0 | D:1      | Reached XP level 1. HP: 19/19 MP: 0/0
   108 | D:1      | Reached skill level 3 in Maces & Flails
   305 | D:1      | Reached XP level 2. HP: 20/26 MP: 1/1
   780 | D:1      | Reached skill level 4 in Maces & Flails
  1174 | D:2      | Reached XP level 3. HP: 31/31 MP: 2/2
  1728 | D:3      | Reached skill level 5 in Maces & Flails
  1728 | D:3      | Reached XP level 4. HP: 39/39 MP: 3/3
  1877 | D:3      | Found a shadowy altar of Dithmenos.
  2355 | D:3      | Noticed a centaur
  2361 | D:3      | Killed a centaur
  2361 | D:3      | Reached skill level 6 in Maces & Flails
  2361 | D:3      | Reached XP level 5. HP: 45/45 MP: 4/4
  2644 | D:4      | Noticed a phantom
  2667 | D:4      | Killed a phantom
  2667 | D:4      | Reached skill level 7 in Maces & Flails
  2667 | D:4      | Reached skill level 1 in Throwing
  2667 | D:4      | Reached XP level 6. HP: 31/52 MP: 5/5
  2811 | D:4      | Reached skill level 1 in Dodging
  2984 | D:4      | Found a roughly hewn altar of Beogh.
  3235 | D:4      | Reached skill level 1 in Evocations
  3544 | D:4      | Reached XP level 7. HP: 59/60 MP: 6/6
  3895 | D:5      | Entered Level 5 of the Dungeon
  3952 | D:5      | Noticed Edmund
  3979 | D:5      | Killed Edmund
  4376 | D:4      | Reached skill level 5 in Fighting
  4588 | D:5      | Reached skill level 5 in Armour
  4588 | D:5      | Reached XP level 8. HP: 68/68 MP: 8/8
  4745 | D:5      | Found a staircase to the Ecumenical Temple.
  4754 | Temple   | Entered the Ecumenical Temple
  4760 | Temple   | Became a worshipper of Warmaster Okawaru
  5036 | D:6      | Reached skill level 5 in Shields
  5082 | D:6      | Reached skill level 8 in Maces & Flails
  5103 | D:6      | Noticed a hippogriff
  5111 | D:6      | Killed a hippogriff
  5170 | D:6      | Noticed Grinder
  5179 | D:6      | Killed Grinder
  5240 | D:6      | Reached * piety under Okawaru
  5592 | D:6      | Reached XP level 9. HP: 65/75 MP: 10/10
  5703 | D:6      | Found a radiant altar of Vehumet.
  6577 | D:7      | Killed from afar by an orc priest

Vault maps used:
D:1:      minmay_arrival_up_and_down
D:2:      serial_corexii_hall, corexii_hall_statues_deadend,
          corexii_hall_statues_l, corexii_hall_statues_s,
          corexii_hall_statues_i, first_bread, kennysheep_generic_room_13
D:3:      grunt_dithmenos_smoke_and_mirrors
D:4:      kennysheep_orc_chapel
D:5:      minmay_holes, uniq_edmund
D:6:      basic_altar, minivault_5, uniq_grinder
Temple:   dpeg_three_leaves_temple

Skill      XL: |  1  2  3  4  5  6  7  8  9 |
---------------+----------------------------+-----
Maces & Flails | 3 4 5 6 7 8 |  8.7
Throwing       | 1 2 3 |  3.7
Dodging        | 1 2 3 4 |  4.0
Shields        | 4 5 |  5.9
Armour         | 4 5 6 |  6.1
Fighting       | 4 5 6 |  6.4
Evocations     | 1 2 3 |  3.4

Action                   |  1- 3 |  4- 6 |  7- 9 || total
-------------------------+-------+-------+-------++-------
Melee: Flail             |   103 |   173 |   263 ||   539
       Headbutt          |    12 |    23 |    53 ||    88
Throw: Tomahawk          |       |     2 |    11 ||    13
       Throwing net      |       |     1 |       ||     1
Invok: Heroism           |       |       |     2 ||     2
  Use: Scroll            |     1 |       |     9 ||    10
  Eat: Chunk             |     3 |     6 |     9 ||    18
Armor: Scale mail        |    21 |       |       ||    21
       Chain mail        |    25 |    85 |   131 ||   241
Dodge: Dodged            |    26 |    38 |    95 ||   159
Block: Shield            |    59 |    93 |   168 ||   320
